Map: Port Aleksander LE

Players

Solar

  • Race: Zerg Zerg
  • Spawn Location: 5:00

dark - Winner!

  • Race: Zerg Zerg
  • Spawn Location: 11:00

Event: IEM Season 13: Katowice (2019)

VOD

Have the link to the VOD?

Description

Time

  • Played on: March 2, 2019, 1:15 p.m.
  • Length: 10:19

All games in this series

Show
View Real Time Build Order
Export as new Build Order

Solar Zerg 

Build Orders: Hatch First 

Get SALT Encoding   

  12  0:01  Drone  
  13  0:12  Overlord  
  13  0:18  Drone  
  14  0:31  Drone x2  
  16  0:49  Hatchery  
  15  0:52  Drone  
  15  0:56  Drone  
  17  0:59  Drone  
  18  1:11  Extractor  
  17  1:15  Spawning Pool  
  17  1:18  Drone  
  17  1:22  Drone  
  18  1:28  Drone  
  19  1:42  Drone  
  20  1:49  Overlord  
  20  2:02  Queen x2  
  20  2:03  Zergling x4  
  26  2:13  Drone  
  26  2:14  Drone  
  28  2:15  Metabolic Boost  
  28  2:21  Drone  
  29  2:23  Drone  
  30  2:39  Hatchery  
  30  2:42  Drone  
  30  2:44  Drone  
  31  2:47  Drone  
  32  2:54  Baneling Nest  
  32  2:56  Drone  
  32  2:59  Overlord  
  32  3:03  Drone  
  34  3:05  Zergling x2  
  34  3:07  Drone  
  35  3:13  Drone  
  35  3:18  Drone x3  
  35  3:19  Zergling x2, Drone  
  41  3:22  Zergling x2  
  42  3:27  Overlord  
  42  3:30  Zergling x2  
  43  3:34  Drone  
  43  3:37  Baneling  
  44  3:41  Evolution Chamber  
  44  3:44  Drone  
  44  3:47  Drone x4  
  48  3:49  Queen  
  48  3:51  Drone  
  50  3:57  Zergling x2  
  50  3:58  Drone  
  52  4:03  Lair, Zergling x2  
  52  4:07  Baneling  
  52  4:08  Zergling x4  
  55  4:12  Extractor x2, Baneling  
  55  4:13  Zergling x2  
  55  4:16  Zergling x2  
  55  4:17  Zergling x2  
  56  4:18  Zergling x2  
  56  4:21  Queen  
  56  4:26  Zergling x2  
  56  4:28  Drone  
  57  4:32  Drone  
  57  4:35  Overlord  
  57  4:36  Drone  
  57  4:38  Drone  
  57  4:40  Drone  
  57  4:43  Overlord  
  58  4:47  Zergling x2  
  58  4:50  Drone  
  58  4:52  Drone  
  54  4:54  Drone x2  
  54  4:57  Extractor, Zergling x2  
  56  5:02  Zergling x10  
  56  5:03  Spire  
  56  5:06  Zergling x4  
  62  5:12  Zergling x2  
  63  5:16  Drone, Baneling x2  
  63  5:19  Drone  
  65  5:22  Baneling x2  
  65  5:23  Zergling x2  
  65  5:26  Drone  
  65  5:27  Drone  
  67  5:29  Drone x2  
  67  5:30  Overlord  
  67  5:32  Zergling x2  
  67  5:33  Overlord  
  69  5:37  Zergling x2  
  69  5:38  Zergling x2  
  69  5:39  Zergling x2  
  69  5:40  Overlord  
  70  5:49  Overlord  
  69  5:51  Zergling x2  
  69  5:52  Zergling x2  
  69  5:54  Drone x2  
  71  5:59  Extractor  
  71  6:01  Drone  
  71  6:02  Extractor  
  71  6:04  Overlord, Drone  
  71  6:14  Mutalisk  
  71  6:15  Mutalisk x4  
  71  6:18  Mutalisk  
  83  6:24  Mutalisk x2  
  87  6:27  Zergling x8  
  87  6:32  Mutalisk  
  91  6:36  Overlord  
  91  6:37  Mutalisk  
  91  6:39  Zergling x2  
  96  6:44  Mutalisk  
  96  6:46  Overlord  
  98  6:48  Overlord  
  98  6:51  Mutalisk  
  100  6:55  Drone x2  
  100  6:57  Zerg Flyer Weapons Level 1  
  102  7:02  Mutalisk  
  102  7:05  Overlord  
  102  7:07  Drone  
  105  7:08  Mutalisk  
  105  7:12  Overlord  
  105  7:14  Mutalisk  
  109  7:17  Zergling x6  
  109  7:21  Mutalisk  
  113  7:30  Mutalisk  
  113  7:31  Overlord  
  113  7:34  Mutalisk  
  113  7:35  Zergling x2  
  113  7:36  Zergling x8  
  122  7:41  Mutalisk  
  119  7:53  Mutalisk x2  
  117  7:59  Mutalisk  
  117  8:01  Zergling x12  
  125  8:07  Mutalisk  
  125  8:09  Overlord  
  125  8:10  Overlord  
  127  8:14  Mutalisk  
  127  8:16  Zergling x8  
  131  8:20  Mutalisk  
  131  8:25  Mutalisk  
  126  8:37  Mutalisk  
  126  8:40  Mutalisk  
  119  8:42  Zergling x2  
  119  8:43  Zergling x18  
  119  8:48  Zergling x4  
  128  8:54  Spine Crawler  
  128  9:03  Mutalisk  
  128  9:05  Zergling x8  
  128  9:09  Mutalisk  
  127  9:16  Mutalisk x2, Spine Crawler  
  127  9:18  Zergling x4  
  127  9:21  Mutalisk  
  116  9:30  Zergling x8  
  102  9:37  Mutalisk  
  101  9:41  Zergling x8  
  101  9:44  Mutalisk  
  107  9:54  Zergling x4  
Show
View Real Time Build Order
Export as new Build Order

dark Zerg - Winner!

Build Orders: 3 Hatch before Pool 

Get SALT Encoding   

  12  0:00  Drone  
  13  0:13  Overlord  
  13  0:17  Drone  
  14  0:32  Drone x2  
  16  0:36  Drone  
  17  0:46  Drone  
  18  0:55  Hatchery  
  17  1:16  Hatchery  
  16  1:20  Drone  
  16  1:22  Drone  
  18  1:34  Extractor  
  18  1:37  Spawning Pool  
  18  1:39  Drone  
  17  1:43  Drone  
  17  1:46  Drone  
  19  1:58  Drone  
  20  2:09  Drone  
  20  2:10  Drone  
  22  2:15  Drone  
  22  2:21  Drone  
  24  2:25  Queen x2  
  28  2:31  Queen  
  28  2:34  Zergling x2  
  31  2:37  Zergling x2  
  31  2:41  Metabolic Boost  
  32  2:46  Overlord  
  32  2:49  Drone  
  33  2:56  Baneling Nest  
  32  2:59  Drone  
  32  3:00  Drone  
  32  3:05  Zergling x4  
  36  3:10  Drone  
  36  3:12  Drone  
  38  3:14  Drone  
  38  3:19  Overlord  
  39  3:21  Drone  
  39  3:22  Drone  
  41  3:37  Drone  
  41  3:38  Zergling x4, Drone x2  
  41  3:39  Zergling x6  
  49  3:45  Zergling x2  
  49  3:46  Overlord  
  49  3:56  Overlord  
  48  4:05  Zergling x2  
  48  4:06  Zergling x2  
  48  4:07  Drone x6  
  56  4:11  Drone  
  56  4:12  Baneling x2  
  56  4:13  Drone  
  58  4:21  Drone x5  
  58  4:22  Drone x2  
  62  4:26  Zergling x4  
  62  4:27  Baneling x2  
  64  4:35  Zergling x4  
  64  4:37  Extractor  
  63  4:40  Drone  
  63  4:41  Overlord  
  63  4:45  Baneling x2  
  64  4:47  Roach Warren  
  64  4:51  Zergling x6  
  64  4:57  Zergling x4  
  65  5:01  Drone x3  
  65  5:05  Evolution Chamber, Baneling x2  
  67  5:08  Overlord  
  67  5:13  Baneling  
  67  5:14  Baneling x2  
  67  5:16  Zergling x4  
  67  5:17  Zergling x4  
  71  5:23  Baneling x2  
  71  5:25  Drone x3  
  71  5:27  Lair, Overlord x2  
  75  5:28  Drone x4  
  75  5:33  Extractor  
  76  5:37  Drone  
  76  5:38  Extractor  
  76  5:40  Drone  
  76  5:41  Drone  
  75  5:52  Roach x5  
  75  5:54  Roach  
  75  5:56  Queen  
  87  6:00  Overlord x2  
  87  6:01  Roach x3  
  87  6:03  Roach, Queen  
  97  6:07  Overlord  
  97  6:10  Baneling  
  97  6:11  Baneling  
  97  6:13  Extractor  
  97  6:14  Extractor  
  96  6:18  Drone x3  
  96  6:19  Zerg Missile Weapons Level 1, Drone  
  96  6:20  Overlord, Drone  
  96  6:22  Drone  
  96  6:24  Drone  
  102  6:26  Drone x2  
  106  6:33  Overlord  
  106  6:35  Queen  
  106  6:36  Glial Reconstitution  
  106  6:39  Queen  
  108  6:40  Queen  
  108  6:41  Nydus Network  
  108  6:55  Spore Crawler, Drone  
  108  6:56  Drone, Spore Crawler  
  108  6:58  Spore Crawler  
  108  6:59  Roach x2  
  108  7:00  Roach x2  
  115  7:05  Roach  
  115  7:06  Roach x3  
  123  7:13  Overlord  
  123  7:14  Overlord x2  
  123  7:21  Nydus Canal  
  123  7:24  Spore Crawler  
  122  7:30  Overlord  
  122  7:31  Queen x3, Overlord  
  122  7:34  Roach x3  
  134  7:41  Roach x3  
  139  7:44  Roach x3  
  139  7:49  Spore Crawler  
  139  7:50  Roach  
  146  7:53  Spore Crawler  
  146  7:55  Spore Crawler  
  138  8:03  Roach x2  
  142  8:06  Queen x2  
  146  8:13  Roach x2  
  146  8:15  Roach x3  
  156  8:26  Spore Crawler  
  156  8:27  Queen, Spore Crawler x2  
  155  8:28  Spore Crawler  
  155  8:32  Roach  
  154  8:41  Roach x2  
  156  8:42  Queen  
  156  8:48  Roach x2  
  161  8:58  Overlord  
  161  8:59  Roach x2, Overlord  
  149  9:13  Roach x2  
  149  9:14  Roach x2  
  141  9:28  Queen  
  141  9:29  Queen  
  125  9:32  Roach x3  
  125  9:33  Roach  
  125  9:36  Queen  
  135  9:41  Nydus Canal  
  135  9:51  Roach x2  

Tags
 
Add a new tag
Caveats
  • Supply blocks, unpowered buildings, or Contaminate may cause inaccurate times.
  • Supply counts are checked every 10 seconds.